 Dungeon Crawl Stone Soup version 0.31-a0-1144-g99969ba1bc (webtiles) character file.

Game seed: 14978273109691938572

1368711 PaperRat the Hand of Shadow (level 26, 129/129 HPs)
             Began as a Spriggan Air Elementalist on Dec 6, 2023.
             Was a High Priest of Dithmenos.
             Escaped with the Orb
             ... and 3 runes on Dec 7, 2023!
             The game lasted 07:01:29 (107915 turns).

PaperRat the Hand of Shadow (SpAE)                Turns: 107915, Time: 07:01:30

Health: 129/129    AC: 11    Str:  6    XL:     26   Next: 11%
Magic:  50/50      EV: 35    Int: 37    God:    Dithmenos [*****.]
Gold:   3464       SH: 16    Dex: 22    Spells: 7/61 levels left

rFire   + + .        w - +7 spear of Daoxifoq {holy, rF++ rC+ rCorr}
rCold   + . .        r - +3 warlock's mirror {omnireflect}
rNeg    + . .        e - +2 robe {rN+}
rPois   +            W - +2 hat
rElec   +            i - +4 dragonskin cloak
rCorr   +            (gloves unavailable)
SInv    +            (boots unavailable)
Will    +++++        a - amulet "Baitofuy" {Reflect rC- Regen+ Int+5 SH+5}
Stlth   ++++         H - ring of Light {rElec Int+6 Dex+4, =R}
HPRegen 1.21/turn    u - ring "Azyhoyn" {rPois rC+ rCorr Str+2}
MPRegen 0.32/turn

%: reflection
@: wreathed by umbra, studying Shields, very quick
A: very small, no large weapons, unfitting armour, see invisible, speed 3, claws
1, frail 1, high MP 1, strong-willed 1
0: Orb of Zot
}: 3/15 runes: decaying, slimy, gossamer
a: Renounce Religion, Shadow Step, Shadow Form


You escaped.
You worshipped Dithmenos.
Dithmenos was extremely pleased with you.
You visited 11 branches of the dungeon, and saw 52 of its levels.
You also visited: Trove, Bailey, Gauntlet and Ice Cave.

You collected 9744 gold pieces.
You spent 6280 gold pieces at shops.

Inventory:

Hand Weapons
 q - the +1 short sword of Uskayaw's Condemnation {freeze, rPois rF+ rN++ Int-3}
   (You found it on level 4 of the Swamp)

   Int-3:     It affects your intelligence (-3).
   rF+:       It protects you from fire.
   rPois:     It protects you from poison rN++: It greatly protects you from
   negative energy.
 w - the +7 spear of Daoxifoq (weapon) {holy, rF++ rC+ rCorr}
   (You took it off an ironbound convoker on level 1 of the Vaults)

   rF++:      It greatly protects you from fire.
   rC+:       It protects you from cold.
   rCorr:     It protects you from acid and corrosion.
Missiles
 F - 6 curare-tipped darts (quivered)
 J - 3 darts of dispersal
 S - 4 throwing nets {!f}
Armour
 e - a +2 robe of positive energy (worn)
 i - the +4 dragonskin cloak (worn)
   (You took it off Tiamat on level 3 of the Realm of Zot)

   Avatar's Aegis: It grants the wearer a chance to resist fire, cold, poison,
   electricity, acid, and negative energy.
 r - the +3 warlock's mirror (worn) {omnireflect}
   (You acquired it on level 2 of the Orcish Mines)

   Omnireflect: It can block and reflect piercing ranged attacks and magical
   attacks against the wielder's willpower.
 W - a +2 hat (worn)
Jewellery
 a - the amulet "Baitofuy" (around neck) {Reflect rC- Regen+ Int+5 SH+5}
   (You found it in a Gauntlet)

   [amulet of reflection]

   Reflect:   It reflects blocked missile attacks.
   Int+5:     It affects your intelligence (+5).
   rC-:       It makes you vulnerable to cold.
   Regen+:    It increases your rate of health regeneration.
   SH+5:      It affects your SH (+5).
 g - a ring of positive energy
 u - the ring "Azyhoyn" (right claw) {rPois rC+ rCorr Str+2}
   (You took it off a deep elf death mage on level 3 of the Elven Halls)

   [ring of protection from cold]

   Str+2:     It affects your strength (+2).
   rC+:       It protects you from cold.
   rPois:     It protects you from poison rCorr: It protects you from acid and
   corrosion.
 x - an amulet of magic regeneration
 A - a ring of protection from fire
 G - a +4 ring of protection
 H - the ring of Light (left claw) {rElec Int+6 Dex+4, =R}
   (You took it off a deep elf annihilator on level 3 of the Elven Halls)

   [ring of intelligence]

   Int+6:     It affects your intelligence (+6).
   Dex+4:     It affects your dexterity (+4).
   rElec:     It insulates you from electricity.
 N - a +6 ring of strength
Wands
 b - a wand of roots (35)
 c - a wand of acid (34)
 d - a wand of digging (28)
 m - a wand of polymorph (36)
 n - a wand of paralysis (23)
 z - a wand of mindburst (19)
Scrolls
 f - 2 scrolls of blinking {@r5}
 h - 11 scrolls of fog {@r2}
 v - 6 scrolls of enchant armour
 D - 5 scrolls of fear {@r4}
 E - 5 scrolls of vulnerability
 I - 27 scrolls of teleportation {@r3}
 L - 3 scrolls of amnesia
 O - 9 scrolls of immolation
 P - 2 scrolls of butterflies {@r6}
 U - 3 scrolls of revelation
 Y - a scroll of poison
Potions
 j - 12 potions of might {@q3}
 k - 5 potions of enlightenment {@q6}
 l - 7 potions of lignification
 o - a potion of mutation {@q7}
 p - 13 potions of curing {@q1}
 s - 16 potions of ambrosia
 t - 3 potions of resistance
 y - 8 potions of haste {@q4}
 K - 10 potions of magic
 M - 5 potions of cancellation
 Q - 6 potions of brilliance {@q5}
 R - 4 potions of invisibility
 T - 5 potions of heal wounds {@q2}
Miscellaneous
 B - a phantom mirror
 C - a condenser vane
 V - a lightning rod (4/4)
 X - a sack of spiders (inert)
 Z - a phial of floods


   Skills:
 + Level 16.9 Fighting
 - Level 8.0 Short Blades
 - Level 19.0 Dodging
 - Level 18.0 Stealth
 - Level 11.1 Shields
 - Level 18.0 Spellcasting
 - Level 1.0 Conjurations
 - Level 8.0 Hexes
 - Level 10.0 Summonings
 - Level 19.0 Translocations
 - Level 3.0 Transmutations
 - Level 10.0 Fire Magic
 - Level 19.0 Air Magic
 - Level 1.0 Poison Magic
 - Level 19.1 Invocations
 - Level 18.0 Evocations


You had 7 spell levels left.
You knew the following spells:

 Your Spells              Type           Power      Damage    Failure   Level
a - Malign Gateway        Summ/Tloc      48%        N/A       3%          7
b - Maxwell's Capacitive  Air            54%        ∞         3%          8
c - Summon Mana Viper     Hex/Summ       79%        N/A       1%          5
d - Airstrike             Air            54%        2d(8-24)  0%          4
f - Mephitic Cloud        Conj/Pois/Air  71%        N/A       1%          3
g - Passwall              Tmut/Erth      36%        N/A       1%          2
i - Arcjolt               Conj/Air       41%        1d51      1%          5
q - Dispersal             Tloc           54%        N/A       1%          6
s - Plasma Beam           Fire/Air       48%        2x1d62    1%          6
t - Blink                 Tloc           100%       N/A       0%          2
x - Freezing Cloud        Conj/Ice/Air   35%        6-21      2%          5
z - Apportation           Tloc           100%       N/A       0%          1

Your spell library contained the following spells:

 Spells                   Type           Power      Damage    Failure   Level
 Lesser Beckoning         Tloc           100%       N/A       0%          2
 Gell's Gravitas          Tloc           100%       N/A       0%          3
 Swiftness                Air            100%       N/A       0%          3
 Teleport Other           Tloc           100%       N/A       0%          3
 Volatile Blastmotes      Fire/Tloc      100%       2d18      0%          3
 Manifold Assault         Tloc           100%       N/A       0%          4
 Passage of Golubria      Tloc           100%       N/A       0%          4
 Vhi's Electric Charge    Tloc/Air       100%       N/A       0%          4
 Foxfire                  Conj/Fire      100%       2x1d9     1%          1
 Freeze                   Ice            100%       1d10      1%          1
 Kiss of Death            Conj/Necr      100%       2d13      1%          1
 Magic Dart               Conj           100%       1d8       1%          1
 Sandblast                Erth           66%        2d15      1%          1
 Shock                    Conj/Air       100%       1d9       1%          1
 Summon Small Mammal      Summ           100%       N/A       1%          1
 Call Imp                 Summ           100%       N/A       1%          2
 Cigotuvi's Dreadful Rot  Necr/Pois/Air  100%       N/A       1%          2
 Ensorcelled Hibernation  Hex/Ice        100%       N/A       1%          2
 Jinxbite                 Hex            100%       N/A       1%          2
 Momentum Strike          Conj/Tloc      100%       3d10      1%          2
 Scorch                   Fire           100%       2d9       1%          2
 Static Discharge         Conj/Air       100%       3-8/arc   1%          2
 Sublimation of Blood     Necr           33%        N/A       1%          2
 Wereblood                Tmut           53%        N/A       1%          2
 Call Canine Familiar     Summ           82%        N/A       1%          3
 Dazzling Flash           Conj/Hex       100%       N/A       1%          3
 Ignite Poison            Fire/Tmut/Pois 61%        N/A       1%          3
 Inner Flame              Hex/Fire       79%        N/A       1%          3
 Summon Guardian Golem    Hex/Summ       79%        N/A       1%          3
 Animate Armour           Summ/Erth      100%       N/A       1%          4
 Cause Fear               Hex            37%        N/A       1%          4
 Flame Wave               Conj/Fire      65%        2d15      1%          4
 Fulminant Prism          Conj/Hex       30%        3d16      1%          4
 Iskenderun's Mystic Bla  Conj/Tloc      82%        2d16      1%          4
 Sticky Flame             Conj/Fire      65%        2d8       1%          4
 Summon Ice Beast         Ice/Summ       63%        N/A       1%          4
 Summon Lightning Spire   Summ/Air       96%        N/A       1%          4
 Silence                  Hex/Air        46%        N/A       1%          5
 Summon Forest            Summ/Tloc      48%        N/A       1%          5
 Anguish                  Hex/Necr       29%        N/A       2%          4
 Hailstorm                Conj/Ice       37%        3d9       3%          3
 Stone Arrow              Conj/Erth      74%        3d11      3%          3
 Conjure Ball Lightning   Conj/Air       41%        3x3d13    3%          6
 Summon Cactus Giant      Summ           41%        N/A       3%          6
 Frozen Ramparts          Ice            66%        1d10      4%          3
 Ozocubu's Armour         Ice            33%        N/A       4%          3
 Metabolic Englaciation   Hex/Ice        29%        N/A       7%          5
 Brom's Barrelling Bould  Conj/Erth      37%        2d6       11%         4
 Animate Dead             Necr           33%        N/A       13%         4
 Dispel Undead            Necr           33%        3d14      13%         4
 Alistair's Intoxication  Tmut/Pois      32%        N/A       16%         5
 Irradiate                Conj/Tmut      24%        3d19      16%         5
 Monstrous Menagerie      Summ           41%        N/A       19%         7
 Summon Hydra             Summ           41%        N/A       19%         7
 Starburst                Conj/Fire      32%        6d10      22%         6
 Borgnjor's Vile Clutch   Necr/Erth      16%        N/A       36%         5
 Lee's Rapid Deconstruct  Erth           16%        3d10*     36%         5
 Enfeeble                 Hex            37%        N/A       38%         7
 Eringya's Noxious Bog    Tmut/Pois      24%        4d6       65%         6
 Spellforged Servitor     Conj/Summ      32%        N/A       75%         7
 Death Channel            Necr           16%        N/A       90%         6
 Simulacrum               Ice/Necr       16%        N/A       90%         6
 Orb of Destruction       Conj           20%        9d8       100%        7
 Ozocubu's Refrigeration  Ice            16%        4d11      100%        7
 Disjunction              Tloc           54%        N/A       3%          8
 Summon Horrible Things   Summ           41%        N/A       82%         8
 Discord                  Hex            37%        N/A       97%         8
 Lehudib's Crystal Spear  Conj/Erth      18%        10d6      100%        8
 Dragon's Call            Summ           41%        N/A       100%        9


Dungeon Overview and Level Annotations

Branches:
Dungeon (15/15)            Temple (1/1) D:4            Lair (5/5) D:11
  Swamp (4/4) Lair:2       Spider (4/4) Lair:2        Slime (5/5) Lair:4
    Orc (2/2) D:9             Elf (3/3) Orc:2        Vaults (4/5) D:14
  Crypt (0/3) Vaults:2     Depths (4/4) D:15            Zot (5/5) Depths:4
 Bailey (visited)           IceCv (visited)         Gauntlet (visited)

Altars:
Ashenzari
Cheibriados
Dithmenos
Elyvilon
Fedhas
Gozag
Hepliaklqana
Kikubaaqudgha
Makhleb
Nemelex Xobeh
Okawaru
Qazlal
Ru
Sif Muna
Trog
Uskayaw
Vehumet
Wu Jian
Xom
Yredelemnul
Zin
The Shining One
Lugonu

Shops:
D:8 *   D:10 :   D:11 *?   Orc:2 *=:?   Elf:1 ??   Elf:2 *   Elf:3 (
Vaults:2 :   Vaults:3 ?   Depths:2 *

Portals:
Hell: Depths:1 Depths:2 Depths:3 Depths:4
Abyss: Zot:1 Depths:1 Depths:2 Depths:3
Pandemonium: Depths:2
Ziggurat: Depths:1
Bazaar: Depths:4

Annotations:
Elf:2 2 runed translucent doors


Innate Abilities, Weirdness & Mutations

You are very small and have problems with some larger weapons.
You are too small for most types of armour.
You have supernaturally acute eyesight. (SInv)
You cover ground extremely quickly. (Speed+++)
You have sharp fingernails.
You are frail. (-10% HP)
You have an increased reservoir of magic. (+10% MP)
You are strong-willed. (Will+)


Message History

Press: ? - help, Shift-Dir - straight line A rock wall.
This square is wreathed by an umbra and is covered in magical glow.
The rock shatters into small pieces.
Aiming: Dig
Press: ? - help, Shift-Dir - straight line A rock wall.
This square is wreathed by an umbra and is covered in magical glow.
The rock shatters into small pieces.
What level of the Dungeon? (default 1, ? - help)
You see here a +0 ring mail.
There is a stone staircase leading up here.
You climb upwards.
There is a stone staircase leading down here.
There is a stone staircase leading up here.
There is a stone staircase leading up here.
You climb upwards.
There is a stone staircase leading down here.
There is a stone staircase leading up here.
You climb upwards.
There is a stone staircase leading down here.
There is a stone staircase leading up here.
There is a stone staircase leading up here.
You climb upwards.
There is a stone staircase leading down here.
You see here a +0 club.
There is a stone staircase leading up here.
You climb upwards.
There is a stone staircase leading down here.
There is a stone staircase leading up here.
You climb upwards.
There is a stone staircase leading down here.
There is a stone staircase leading up here.
You climb upwards.
There is a stone staircase leading down here.
There is an open door here.
There is an open door here.
A hellwing comes into view.
There is a staircase leading out of the dungeon here.
You have escaped!

....# #...#.##.#......##....)...÷
....# #...#.##4######....####..##
....###...#.##...........# #..#
....+.'.).+.....########.####..#
#...###...####.....# #...##.###
....'....####....8.#####.#......#
#...####.###.......§§§##........#
##### #..#.......≈≈§§##..#####..
#....8..8@§≈§≈§##.....)...
#..#.......§§§§##..#####..
#..##......§§≈§##........#
#.........8§#####.####...#
#.###.......# #.# ##..# #.#
##...#### ### ##.. #.# ##### ###
#.# ###


You could see a hellwing.

Vanquished Creatures
  the Royal Jelly (Slime:5)
  3 dread liches (Zot:5)
  Tiamat (Zot:3)
  3 ancient liches (Zot:5)
  7 orbs of fire
  2 juggernauts
  Mennas (Depths:3)
  Margery (Depths:1)
  2 Killer Klowns (Zot:5)
  Saint Roka (Depths:2)
  Bai Suzhen (Swamp:3)
  5 caustic shrikes (Depths:4)
  2 curse toes
  11 golden dragons
  Nikola (Elf:3)
  Norris (Depths:3)
  An electric golem (Zot:5)
  The ghost of Zugg the Gnoll Aeon, an adept GnSu of Cheibriados (Depths:2)
  Arachne (Spider:2)
  8 tentacled monstrosities
  25 Orb Guardians
  2 walking crystal tomes
  3 liches
  Mlioglotl (Spider:2)
  3 deep elf master archers (Elf:3)
  27 acid blobs
  3 quicksilver dragons
  A titan (Depths:2)
  A walking divine tome (Depths:2)
  3 sphinxes
  9 death cobs
  15 storm dragons
  10 shadow dragons
  4 tengu reavers
  2 fenstrider witches
  Roxanne (Elf:1)
  The ghost of Ucsyphiv the Severer, an adept MiFi of Okawaru (D:14)
  11 azure jellies
  6 rockslimes
  13 draconian monks
  7 fire giants
  4 draconian knights
  7 draconian scorchers
  3 emperor scorpions
  9 ghost moths
  3 frost giants
  5 vault wardens
  Louise (Depths:2)
  7 deep elf sorcerers (Elf:3)
  2 deep elf elementalists (Elf:3)
  2 broodmothers
  6 draconian annihilators
  7 draconian shifters
  12 stone giants
  4 draconian stormcallers
  3 orc warlords
  13 ironbound preservers
  A war gargoyle (Vaults:4)
  2 spriggan defenders (Depths:2)
  9 quicksilver oozes
  11 very ugly things
  7 formless jellyfish
  7 ironbound thunderhulks
  5 deep elf demonologists
  8 deep elf annihilators (Elf:3)
  7 green draconians
  2 eleionomae
  2 red draconians
  15 white draconians
  11 yellow draconians
  A minotaur (Gauntlet)
  14 spark wasps
  7 black draconians
  12 purple draconians
  8 dire elephants
  5 ettins
  10 deep elf death magi
  A deep elf high priest (Elf:3)
  Josephine (Orc:1)
  Fannar (D:10)
  Harold (Lair:2)
  11 great orbs of eyes
  15 ice dragons
  21 yaktaur captains
  2 jiangshi (Depths:3)
  2 entropy weavers
  13 fire dragons
  2 rakshasas (Depths:3)
  2 spriggan air magi (Depths:2)
  13 hydras
  2 jorogumos
  3 vault guards
  The ghost of Nuriomm the Thaumaturge, a journeyman GnWn of Cheibriados (Lair:3)
  A peacekeeper (Vaults:4)
  3 ghost crabs
  3 ogre magi (Orc:2)
  A death knight (D:15)
  7 alligators
  3 radroaches
  2 catoblepae
  14 two-headed ogres
  2 death yaks (Lair:5)
  20 dancing weapons
  8 boulder beetles
  10 centaur warriors
  6 ironbound frosthearts
  A sphinx skeleton (Depths:2)
  6 deep troll shamans
  An occultist (Depths:1)
  5 tengu warriors
  8 deep troll earth magi
  6 vampire magi
  A shock serpent (shapeshifter) (Depths:4)
  7 spriggan berserkers
  7 demonic crawlers
  6 hell knights (Depths:1)
  2 orc high priests
  Nergalle (D:10)
  11 deep elf knights
  5 skysharks
  12 iron trolls
  8 skeletal warriors
  2 pharaoh ants
  2 spectral ghost moths (Spider:1)
  4 spriggan druids
  5 goliath frogs
  A sun moth (Spider:3)
  A death drake (Zot:2)
  A glowing orange brain (D:10)
  42 deep trolls
  3 shadow demons (Depths:3)
  5 swamp dragons (Swamp:4)
  4 orb spiders
  2 bog bodies
  2 lindwurms (Vaults:1)
  12 ironbound convokers
  7 deep elf archers
  7 steelbarb worms
  8 orc knights
  10 deep elf zephyrmancers
  5 necromancers
  3 arcanists
  29 deep elf pyromancers
  2 wolf spider zombies (D:13)
  8 harpies
  A spectral radroach (Spider:1)
  A cyclops (D:15)
  8 shining eyes
  24 ugly things
  8 manticores
  2 orc sorcerers (Orc:1)
  2 shadow dragon skeletons (Depths:3)
  3 will-o-the-wisps
  18 wolf spiders
  A frost giant zombie (Depths:3)
  25 moths of wrath
  8 vault sentinels
  An ice statue (D:15)
  21 elephants
  3 centaur zombies (D:13)
  A water nymph (D:15)
  2 kobold blastminers (Orc:2)
  Joseph (D:7)
  A molten gargoyle (Gauntlet)
  4 black mambas
  8 cane toads
  3 gargoyles
  5 torpor snails
  A storm dragon simulacrum (IceCv)
  A rime drake (Lair:4)
  2 efreet
  3 eyes of devastation (Slime:5)
  2 emperor scorpion simulacra (Spider:1)
  2 unseen horrors
  Jeremiah (D:7)
  A spark wasp simulacrum (Spider:1)
  A kobold demonologist (D:11)
  29 yaktaurs
  Psyche (D:10)
  A rime drake (shapeshifter) (D:9)
  12 komodo dragons
  8 golden dragon simulacra (IceCv)
  10 tengu conjurers
  9 meliai
  10 trolls
  A queen bee (Lair:1)
  A bloated husk (Swamp:2)
  12 tyrant leeches
  14 blink frogs
  5 glass eyes
  16 tarantellas
  15 hornets
  6 polar bears
  A meliai zombie (D:13)
  A centaur simulacrum (D:15)
  A frost giant simulacrum (Depths:2)
  3 water elementals
  100 slime creatures
  A culicivora (shapeshifter) (Vaults:1)
  2 air elementals
  9 spriggans
  27 jumping spiders
  4 wyverns
  A spriggan (shapeshifter) (D:14)
  5 vampires
  14 culicivoras
  63 yaks
  A fire elemental (Elf:3)
  7 wraiths
  15 golden eyes
  A human (D:14)
  38 redbacks
  25 vampire mosquitoes
  3 wargs
  5 basilisks
  A glowing shapeshifter zombie (Depths:2)
  18 swamp worms
  An acid dragon (Zot:3)
  19 water moccasins
  32 orc warriors
  A nameless horror (Lair:1)
  9 swamp drakes
  2 sky beasts
  4 ice dragon simulacra (IceCv)
  A black bear (Lair:5)
  27 wolves
  2 boggarts
  17 ogres
  18 centaurs
  A phantom (D:3)
  16 bullfrogs
  3 kobold brigands
  2 gnoll sergeants
  10 scorpions
  A glowing shapeshifter simulacrum (Depths:3)
  3 earth elementals
  4 wights (D:9)
  48 killer bees
  7 lindwurm simulacra (IceCv)
  2 howler monkeys
  4 electric eels
  18 orc priests
  5 jellies
  3 hounds
  A gnoll bouda (D:6)
  3 sleepcaps
  4 iguanas
  11 orc wizards
  Natasha (thrice) (D:2)
  Ijyb (D:3)
  21 gnolls
  6 adders
  A white imp (D:7)
  4 worms
  A dart slug (D:5)
  75 orcs
  5 bats
  3 endoplasms
  2 giant cockroaches
  33 goblins
  12 hobgoblins
  3 jackals (D:3)
  18 kobolds
  5 quokkas
  3 ball pythons
  6 frilled lizards (D:2)
  3 rats
  2 lurking horrors (Zot:1)
  2 snaplasher vines
2006 creatures vanquished.

Vanquished Creatures (collateral kills)
  A royal mummy (Depths:4)
  the Lernaean hydra (Swamp:4)
  A golden dragon (Depths:4)
  An electric golem (Zot:5)
  A sphinx (Vaults:1)
  A thorn hunter (Swamp:4)
  The ghost of MrClown the Fencer, an adept MiGl of Okawaru (Swamp:4)
  Donald (Spider:4)
  4 rockslimes (Slime:5)
  A storm dragon (Zot:1)
  A fire giant (Depths:4)
  A draconian knight (Zot:5)
  2 emperor scorpions
  The ghost of night the Marksdemigod, a journeyman DgHu (Spider:1)
  A frost giant (Depths:3)
  A deep elf elementalist (Elf:3)
  A ghost moth (Zot:4)
  A draconian shifter (Zot:2)
  A draconian annihilator (Zot:1)
  2 ironbound preservers
  A quicksilver ooze (Slime:2)
  A green draconian (Zot:1)
  2 black draconians
  2 purple draconians
  A red draconian (Zot:2)
  An eleionoma (Swamp:4)
  A spark wasp (Depths:4)
  2 yellow draconians (Zot:2)
  A bunyip (Swamp:1)
  2 white draconians
  A dire elephant (Vaults:1)
  A crystal guardian (Vaults:4)
  A fire dragon (Depths:4)
  2 entropy weavers
  2 deep elf high priests (Elf:3)
  2 hydras (Swamp:4)
  An ice dragon (Depths:4)
  2 vault guards
  An ogre mage (Orc:2)
  A peacekeeper (Vaults:4)
  A radroach (Spider:4)
  4 alligators
  A centaur warrior (Vaults:1)
  A catoblepas (Lair:5)
  2 ironbound frosthearts
  4 dancing weapons (Spider:2)
  8 two-headed ogres
  A death yak (Lair:5)
  A demonic crawler (Spider:2)
  An orc high priest (Elf:3)
  5 hell knights
  A deep elf knight (Elf:3)
  3 skysharks
  2 spectral emperor scorpions (Spider:1)
  A pharaoh ant (Spider:4)
  3 swamp dragons (Swamp:4)
  A glowing orange brain (Vaults:1)
  A spriggan druid (Swamp:4)
  13 deep trolls
  2 steelbarb worms
  4 bog bodies (Swamp:1)
  A spectral jorogumo (Spider:1)
  A deep elf zephyrmancer (Elf:3)
  2 ironbound convokers
  A spectral radroach (Spider:1)
  4 deep elf pyromancers
  A shining eye (Slime:2)
  An ugly thing (D:12)
  6 wolf spiders
  9 elephants
  2 moths of wrath
  A kobold blastminer (Orc:1)
  An ice statue (D:15)
  A black mamba (Lair:4)
  2 torpor snails
  2 cane toads (Lair:5)
  7 yaktaurs
  A freezing wraith (D:13)
  A golden dragon simulacrum (IceCv)
  A polar bear (Lair:5)
  A hornet (shapeshifter) (Elf:2)
  3 hornets
  15 tarantellas
  A tyrant leech (Spider:4)
  3 blink frogs (Lair:1)
  9 jumping spiders
  23 slime creatures
  5 spriggans
  7 culicivoras
  24 yaks
  A wraith (Orc:1)
  4 vampire mosquitoes
  A basilisk (D:14)
  20 redbacks
  A warg (Orc:2)
  2 water moccasins (Lair:5)
  3 swamp drakes (Swamp:4)
  8 orc warriors
  4 centaurs
  7 wolves
  6 ogres (Orc:2)
  A phantom (D:6)
  8 killer bees
  6 orc priests (Elf:3)
  An orc wizard (Orc:2)
  7 orcs
329 creatures vanquished.

Vanquished Creatures (others)
  28 eldritch tentacles
  A deep elf zephyrmancer (Elf:2)
  A moth of wrath (Zot:4)
  A bloated husk (Swamp:2)
  A kobold brigand (D:9)
  425 foxfires
  19 snaplasher vines
476 creatures vanquished.

Grand Total: 2811 creatures vanquished

Notes
Turn   | Place    | Note
-------+----------+-------------------------------------------
     0 | D:1      | PaperRat the Spriggan Air Elementalist began the quest for
                  | the Orb.
     0 | D:1      | Reached XP level 1. HP: 9/9 MP: 5/5
   323 | D:1      | Reached skill level 1 in Conjurations
   387 | D:1      | Reached XP level 2. HP: 13/13 MP: 1/7
   637 | D:1      | Found a faded altar of an unknown god.
   948 | D:1      | Learned a level 1 spell: Foxfire
  1339 | D:2      | Reached skill level 1 in Fighting
  1339 | D:2      | Reached XP level 3. HP: 18/18 MP: 1/8
  1609 | D:2      | Learned a level 2 spell: Call Imp
  1667 | D:2      | Noticed Natasha
  2387 | D:3      | Reached XP level 4. HP: 22/22 MP: 1/9
  2973 | D:3      | Found an ornate altar of the Wu Jian Council.
  3031 | D:3      | Reached skill level 1 in Fire Magic
  3363 | D:3      | Noticed Ijyb
  3551 | D:2      | Killed Natasha
  4411 | D:2      | Noticed Natasha
  4509 | D:2      | Killed Natasha
  4510 | D:2      | Reached skill level 1 in Summonings
  4510 | D:2      | Reached XP level 5. HP: 26/26 MP: 4/11
  4758 | D:2      | Noticed Natasha
  4766 | D:2      | Killed Natasha
  4891 | D:3      | Killed Ijyb
  5199 | D:3      | Learned a level 4 spell: Airstrike
  5278 | D:4      | Noticed a phantom
  5335 | D:3      | Killed a phantom
  5336 | D:3      | Reached XP level 6. HP: 30/30 MP: 2/13
  5436 | D:3      | Learned a level 3 spell: Mephitic Cloud
  5782 | D:4      | Found a staircase to the Ecumenical Temple.
  5788 | Temple   | Entered the Ecumenical Temple
  5801 | Temple   | Became a worshipper of Dithmenos the Shadowed
  6206 | D:4      | Found a snail-covered altar of Cheibriados.
  6820 | D:5      | Entered Level 5 of the Dungeon
  7270 | D:5      | Reached XP level 7. HP: 35/35 MP: 7/14
  7343 | D:5      | Reached skill level 5 in Air Magic
  8059 | D:5      | Identified a scroll of acquirement
  8247 | D:5      | Reached * piety under Dithmenos
  8392 | D:5      | Reached skill level 5 in Stealth
  8502 | D:5      | Reached XP level 8. HP: 39/40 MP: 12/16
  8541 | D:5      | Reached skill level 5 in Spellcasting
  8890 | D:6      | Reached skill level 1 in Poison Magic
  9233 | D:6      | Noticed a troll
  9309 | D:6      | Killed a troll
 10260 | D:7      | Noticed Joseph
 10298 | D:7      | Noticed Jeremiah
 10308 | D:7      | Killed Jeremiah
 10309 | D:7      | Reached XP level 9. HP: 29/45 MP: 1/18
 10456 | D:7      | Found a flagged portal.
 10473 | Bailey   | Entered a bailey
 10607 | Bailey   | Reached ** piety under Dithmenos
 10608 | Bailey   | Reached skill level 5 in Dodging
 10840 | Bailey   | Noticed an orc knight
 10858 | Bailey   | Killed an orc knight
 11037 | Bailey   | Reached skill level 5 in Fighting
 11557 | Bailey   | Noticed an orc warlord
 11732 | Bailey   | Reached *** piety under Dithmenos
 11773 | Bailey   | Learned a level 5 spell: Summon Forest
 11786 | Bailey   | Reached XP level 10. HP: 51/51 MP: 15/20
 12036 | Bailey   | Killed an orc warlord
 12037 | Bailey   | Reached skill level 1 in Translocations
 12304 | D:7      | Acquired 485 gold pieces
 12306 | D:7      | Acquired the +5 buckler of Xom's Reproof {Dex+5}
 12457 | D:7      | Killed Joseph
 13273 | D:8      | Reached skill level 5 in Evocations
 13536 | D:8      | Reached skill level 10 in Air Magic
 13636 | D:8      | Reached skill level 1 in Shields
 13777 | D:8      | Found Vaenen's Assorted Antiques.
 13790 | D:8      | Bought a purple potion for 21 gold pieces
 13790 | D:8      | Bought a scroll of identify for 48 gold pieces
 13790 | D:8      | Bought an inky potion for 21 gold pieces
 13790 | D:8      | Bought a scroll labelled UCVOJO DIYH for 24 gold pieces
 13790 | D:8      | Bought an inky potion for 21 gold pieces
 13812 | D:8      | Found a glowing silver altar of Zin.
 14437 | D:9      | Reached **** piety under Dithmenos
 14624 | D:9      | Found a staircase to the Orcish Mines.
 14805 | D:9      | Reached XP level 11. HP: 56/56 MP: 17/22
 15071 | D:9      | Reached skill level 5 in Translocations
 15505 | D:9      | Noticed a two-headed ogre
 15530 | D:9      | Killed a two-headed ogre
 16106 | D:8      | Bought a phial of floods for 960 gold pieces
 16149 | D:10     | Entered Level 10 of the Dungeon
 16257 | D:10     | Found Gixzel's Self-Improvement Boutique.
 16286 | D:10     | Reached ***** piety under Dithmenos
 16468 | D:10     | Noticed Fannar
 16642 | D:10     | Killed Fannar
 17042 | D:10     | Noticed Nergalle
 17053 | D:10     | Killed Nergalle
 17054 | D:10     | Reached skill level 5 in Summonings
 17556 | D:10     | Noticed Psyche
 17558 | D:10     | Killed Psyche
 18053 | D:11     | Noticed a two-headed ogre
 18060 | D:11     | Killed a two-headed ogre
 18061 | D:11     | Reached skill level 1 in Short Blades
 18454 | D:11     | Noticed a brown ugly thing
 18507 | D:11     | Killed a brown ugly thing
 18508 | D:11     | Reached XP level 12. HP: 61/61 MP: 3/23
 18927 | D:11     | Noticed a boulder beetle
 18933 | D:11     | Killed a boulder beetle
 18975 | D:11     | Found Coviergh's Magic Scroll Shoppe.
 19144 | D:11     | Found a staircase to the Lair.
 19318 | D:11     | Found Notsur's CLEARANCE SALE!.
 19510 | D:11     | Bought a scroll of enchant armour for 105 gold pieces
 19510 | D:11     | Bought a scroll of identify for 28 gold pieces
 19605 | Lair:1   | Entered Level 1 of the Lair of Beasts
 20209 | Lair:1   | Reached skill level 10 in Stealth
 20596 | Lair:1   | Identified the +2 robe of the Lobster {Int+2}
 20645 | Lair:1   | Reached skill level 10 in Translocations
 21623 | Lair:1   | Reached XP level 13. HP: 65/67 MP: 26/26
 22159 | Lair:2   | Reached ****** piety under Dithmenos
 22230 | Lair:2   | Noticed Harold
 22244 | Lair:2   | Found a hole to the Spider Nest.
 22547 | Lair:2   | Found a staircase to the Swamp.
 22963 | Lair:2   | Killed Harold
 23484 | Lair:3   | Got Qieg Mellu's Compendium of the Welkin
 23859 | Lair:3   | You fall into a shaft and drop 1 floor!
 24273 | Lair:3   | Reached skill level 10 in Evocations
 24338 | Lair:3   | Found a transporter.
 24340 | Lair:3   | Found a transporter.
 24361 | Lair:3   | Noticed Nuriomm's ghost (journeyman GnWn)
 24441 | Lair:3   | Reached skill level 10 in Dodging
 25061 | Lair:4   | Learned a level 2 spell: Passwall
 25653 | Lair:4   | Reached XP level 14. HP: 62/74 MP: 15/28
 25938 | Lair:4   | Found a staircase to the Slime Pits.
 26517 | Lair:5   | Entered Level 5 of the Lair of Beasts
 26629 | Lair:5   | Reached skill level 1 in Transmutations
 29165 | Lair:3   | Killed Nuriomm's ghost
 29403 | Orc:1    | Entered Level 1 of the Orcish Mines
 29865 | Orc:1    | Noticed Josephine
 29867 | Orc:1    | Reached skill level 10 in Fighting
 29892 | Orc:1    | Killed Josephine
 30645 | Orc:2    | Entered Level 2 of the Orcish Mines
 30722 | Orc:2    | Found a staircase to the Elven Halls.
 30855 | Orc:2    | Reached XP level 15. HP: 80/80 MP: 7/29
 30952 | Orc:2    | Reached skill level 5 in Fire Magic
 32203 | Orc:2    | Found Xurach's Book Emporium.
 32203 | Orc:2    | Found Goxuk's Magic Scroll Shop.
 32205 | Orc:2    | Found Heagaall's Assorted Antiques.
 32205 | Orc:2    | Found Sext's Jewellery Emporium.
 32843 | Orc:2    | Acquired 716 gold pieces
 32859 | Orc:2    | Bought 2 scrolls of acquirement for 1456 gold pieces
 32859 | Orc:2    | Acquired 1107 gold pieces
 32861 | Orc:2    | Acquired the +3 warlock's mirror {omnireflect}
 32861 | Orc:2    | Found the +3 warlock's mirror {omnireflect}
 33107 | D:12     | Found a gate leading to a gauntlet.
 33136 | Gauntlet | Entered a Gauntlet
 33136 | Gauntlet | Found a transporter.
 33136 | Gauntlet | Found a transporter.
 33142 | Gauntlet | Found a transporter.
 33147 | Gauntlet | Found a transporter.
 33147 | Gauntlet | Found a transporter.
 33190 | Gauntlet | Found a transporter.
 33190 | Gauntlet | Found a transporter.
 33192 | Gauntlet | Found a transporter.
 33192 | Gauntlet | Found a transporter.
 33196 | Gauntlet | Found a runed translucent door.
 33196 | Gauntlet | Found a runed translucent door.
 33207 | Gauntlet | Found a transporter.
 33225 | Gauntlet | Found a transporter.
 33235 | Gauntlet | Found a transporter.
 33243 | Gauntlet | Found a transporter.
 33325 | Gauntlet | Found a transporter.
 33605 | Gauntlet | Identified the amulet "Baitofuy" {Reflect rC- Regen+ Int+5
                  | SH+5}
 33661 | Gauntlet | Learned a level 6 spell: Plasma Beam
 33665 | Gauntlet | Identified the +8 long sword "Xilane" {heavy, Fly rC-
                  | Will++ Str+2}
 33665 | Gauntlet | Identified the +1 chain mail of Watchfulness {rElec Will++
                  | Regen+ Stlth-}
 33721 | Gauntlet | Identified the +10 shortbow "Yschargho" {flame, Fly rCorr
                  | Str+3}
 33936 | Orc:2    | Bought a phantom mirror for 1520 gold pieces
 34205 | D:12     | Found a portal to a secret trove of treasure.
 35138 | D:13     | Found a broken altar of Ashenzari.
 36509 | D:13     | Noticed a tengu reaver
 36515 | D:13     | Killed a tengu reaver
 36593 | D:13     | Reached XP level 16. HP: 85/85 MP: 21/30
 39034 | D:14     | Found a gate to the Vaults.
 39070 | D:15     | Entered Level 15 of the Dungeon
 39088 | D:15     | Found a frozen archway.
 39325 | IceCv    | Entered an ice cave
 40603 | IceCv    | Identified the ring "Ademeax" {rC+ rCorr}
 41522 | D:15     | Reached skill level 10 in Fire Magic
 41711 | D:15     | Found a runed translucent gate.
 41711 | D:15     | Found a runed translucent gate.
 41712 | D:15     | Found a runed translucent gate.
 41715 | D:15     | Noticed Ucsyphiv's ghost (adept MiFi)
 42605 | D:15     | Found a staircase to the Depths.
 43001 | Orc:2    | Bought a book of Storms for 416 gold pieces
 43006 | Orc:2    | Learned a level 4 spell: Summon Lightning Spire
 43008 | Orc:2    | Bought a wand of paralysis (3) for 273 gold pieces
 43208 | Spider:1 | Entered Level 1 of the Spider Nest
 43209 | Spider:1 | Found a runed translucent gate.
 43340 | Spider:1 | Found a runed translucent gate.
 43340 | Spider:1 | Found a runed translucent gate.
 43675 | Spider:1 | Noticed night's ghost (journeyman DgHu)
 44152 | Spider:1 | Reached skill level 10 in Spellcasting
 44405 | Spider:1 | Reached skill level 5 in Shields
 44674 | Spider:1 | Reached XP level 17. HP: 90/90 MP: 27/32
 45106 | Spider:1 | Killed night's ghost
 45251 | Spider:2 | Noticed Arachne
 46013 | Spider:2 | Found a runed translucent door.
 46060 | Spider:2 | Noticed Mlioglotl
 46644 | Spider:2 | Killed Arachne
 46848 | Spider:2 | Killed Mlioglotl
 47644 | Spider:3 | Reached skill level 5 in Short Blades
 49618 | Spider:4 | Entered Level 4 of the Spider Nest
 49835 | Spider:4 | Noticed Donald
 49846 | Spider:4 | Killed Donald
 49979 | Spider:4 | Reached skill level 15 in Air Magic
 50935 | Spider:4 | Reached XP level 18. HP: 96/96 MP: 28/34
 51164 | Spider:4 | Learned a level 1 spell: Apportation
 52366 | Spider:4 | Got a gossamer rune of Zot
 52611 | Swamp:1  | Entered Level 1 of the Swamp
 52879 | Swamp:1  | Got the Essays on Decaying Support
 53925 | Swamp:2  | Reached skill level 15 in Dodging
 54556 | Swamp:3  | Found a shimmering blue altar of Sif Muna.
 54559 | Swamp:3  | Noticed Bai Suzhen
 55751 | Swamp:3  | Killed Bai Suzhen
 55918 | Swamp:3  | Identified the +4 falchion "Komuliowk" {drain, rPois Int+3
                  | SInv Stlth-}
 56008 | Swamp:4  | Entered Level 4 of the Swamp
 57307 | Swamp:4  | Found a large runed translucent door.
 57307 | Swamp:4  | Found a large runed translucent door.
 57311 | Swamp:4  | Noticed MrClown's ghost (adept MiGl)
 57324 | Swamp:4  | Identified the +1 short sword of Uskayaw's Condemnation
                  | {freeze, rPois rF+ rN++ Int-3}
 57398 | Swamp:4  | Killed MrClown's ghost
 58100 | Swamp:4  | Noticed the 27-headed Lernaean hydra
 58102 | Swamp:4  | Killed the 27-headed Lernaean hydra
 58132 | Swamp:4  | Reached XP level 19. HP: 102/102 MP: 0/36
 58624 | Swamp:4  | Got a decaying rune of Zot
 58634 | Swamp:4  | Learned a level 8 spell: Maxwell's Capacitive Coupling
 59068 | D:14     | Found a gate to the Vaults.
 59133 | D:14     | Killed Ucsyphiv's ghost
 59401 | Elf:1    | Entered Level 1 of the Elven Halls
 59874 | Elf:1    | Got the Folio of the Familiar
 59933 | Elf:1    | Learned a level 5 spell: Summon Mana Viper
 60072 | Elf:1    | Reached skill level 1 in Hexes
 60384 | Elf:1    | Noticed Roxanne
 60444 | Elf:1    | Found Azxoaw's Magic Scroll Shop.
 60879 | Elf:1    | Found The Oracle's Delphic Readings.
 61173 | Elf:1    | Bought a scroll of enchant weapon for 75 gold pieces
 61404 | D:12     | You paid a toll of a +4 demon trident to enter a treasure
                  | trove
 61405 | Trove    | Entered a treasure trove
 61419 | Trove    | Got Lyoroabb's Information on Frosty Location
 61426 | Trove    | Got the Codex of the Dead and Distance
 61479 | D:12     | Learned a level 2 spell: Blink
 61710 | Elf:1    | Killed Roxanne
 62091 | Elf:2    | Found Ryoroa's General Store.
 62099 | Elf:2    | Bought a wand of paralysis (2) for 76 gold pieces
 62099 | Elf:2    | Bought a potion of heal wounds for 80 gold pieces
 62099 | Elf:2    | Bought a scroll of immolation for 64 gold pieces
 62246 | Elf:2    | Paralysed by an air elemental for 1 turns
 62975 | Elf:2    | Found a runed translucent door.
 63001 | Elf:2    | Found a runed translucent door.
 63374 | Elf:3    | Entered Level 3 of the Elven Halls
 63391 | Elf:2    | Reached skill level 5 in Hexes
 64220 | Elf:3    | Found Joakhlua's Weapon Shop.
 64984 | Elf:3    | Noticed Nikola
 64991 | Elf:3    | Killed Nikola
 65345 | Elf:3    | Identified the ring "Azyhoyn" {rPois rC+ rCorr Str+2}
 65590 | Elf:3    | Identified the +2 robe of the Apprentice {Will++ Int+3}
 66043 | Elf:3    | Learned a level 4 spell: Iskenderun's Mystic Blast
 66086 | Elf:3    | Reached XP level 20. HP: 107/107 MP: 4/38
 66216 | Elf:3    | Identified the ring of Light {rElec Int+6 Dex+4}
 67172 | Elf:3    | Identified the death talisman of Negligence {rF+}
 67479 | Elf:3    | Found Joakhlua's Weapon Shop.
 68244 | Vaults:1 | Entered Level 1 of the Vaults
 68969 | Vaults:1 | Identified the +7 spear of Daoxifoq {holy, rF++ rC+ rCorr}
 71885 | Vaults:2 | Found Paxotil's Book Shoppe.
 71905 | Vaults:2 | Reached skill level 15 in Translocations
 72794 | Vaults:2 | You fall into a shaft and drop 1 floor!
 72873 | Vaults:3 | Reached skill level 15 in Evocations
 73063 | Vaults:3 | Found Fojoihey's Magic Scroll Boutique.
 73175 | Vaults:3 | Bought a scroll of immolation for 44 gold pieces
 73175 | Vaults:3 | Bought a scroll of fog for 44 gold pieces
 73175 | Vaults:3 | Bought a scroll of fog for 44 gold pieces
 73241 | Vaults:2 | Found a staircase to the Crypt.
 74034 | Vaults:2 | Reached skill level 15 in Spellcasting
 74092 | Vaults:2 | Learned a level 6 spell: Dispersal
 74455 | Vaults:3 | Reached XP level 21. HP: 113/113 MP: 28/41
 75736 | Vaults:3 | Learned a level 7 spell: Malign Gateway
 78673 | Vaults:4 | Learned a level 5 spell: Arcjolt
 79029 | Slime:1  | Entered Level 1 of the Pits of Slime
 79338 | Slime:2  | Gained mutation: Potions are less effective at restoring
                  | your health. [a shining eye]
 79339 | Slime:2  | Gained mutation: Armour fits poorly on your strangely
                  | shaped body. [a shining eye]
 79339 | Slime:2  | Gained mutation: You are vulnerable to cold. (rC-) [a
                  | shining eye]
 79341 | Slime:2  | Gained mutation: You have hidden genetic defects. [a
                  | shining eye]
 79388 | Slime:1  | Lost mutation: You are vulnerable to cold. (rC-) [potion of
                  | mutation]
 79388 | Slime:1  | Lost mutation: Potions are less effective at restoring your
                  | health. [potion of mutation]
 79388 | Slime:1  | Gained mutation: You occasionally lose the ability to drink
                  | potions when taking damage. [potion of mutation]
 79388 | Slime:1  | Gained mutation: You are dopey. (Int -2) [potion of
                  | mutation]
 79388 | Slime:1  | Gained mutation: You have a pair of small horns on your
                  | head. [potion of mutation]
 79389 | Slime:1  | Lost mutation: You are dopey. (Int -2) [potion of mutation]
 79389 | Slime:1  | Lost mutation: You have hidden genetic defects. [potion of
                  | mutation]
 79389 | Slime:1  | Gained mutation: Your body sometimes deteriorates upon
                  | taking damage. [potion of mutation]
 79389 | Slime:1  | Gained mutation: You occasionally lose the ability to read
                  | scrolls when taking damage. [potion of mutation]
 79390 | Slime:1  | Lost mutation: You occasionally lose the ability to drink
                  | potions when taking damage. [potion of mutation]
 79390 | Slime:1  | Lost mutation: You occasionally lose the ability to read
                  | scrolls when taking damage. [potion of mutation]
 79390 | Slime:1  | Lost mutation: Armour fits poorly on your strangely shaped
                  | body. [potion of mutation]
 79390 | Slime:1  | Gained mutation: You have sharp fingernails. [potion of
                  | mutation]
 79390 | Slime:1  | Gained mutation: Potions are less effective at restoring
                  | your health. [potion of mutation]
 79390 | Slime:1  | Gained mutation: Your spells are a little harder to cast,
                  | but a little more powerful. [potion of mutation]
 79391 | Slime:1  | Lost mutation: Your body sometimes deteriorates upon taking
                  | damage. [potion of mutation]
 79391 | Slime:1  | Lost mutation: You have sharp fingernails. [potion of
                  | mutation]
 79391 | Slime:1  | Lost mutation: You have a pair of small horns on your head.
                  | [potion of mutation]
 79391 | Slime:1  | Gained mutation: You occasionally lose the ability to read
                  | scrolls when taking damage. [potion of mutation]
 79392 | Slime:1  | Lost mutation: Potions are less effective at restoring your
                  | health. [potion of mutation]
 79392 | Slime:1  | Lost mutation: Your spells are a little harder to cast, but
                  | a little more powerful. [potion of mutation]
 79392 | Slime:1  | Lost mutation: You occasionally lose the ability to read
                  | scrolls when taking damage. [potion of mutation]
 79392 | Slime:1  | Gained mutation: You are strong-willed. (Will+) [potion of
                  | mutation]
 79392 | Slime:1  | Gained mutation: You have hidden genetic potential. [potion
                  | of mutation]
 82547 | Slime:3  | Reached XP level 22. HP: 121/121 MP: 5/42
 83114 | Slime:5  | Entered Level 5 of the Pits of Slime
 83126 | Slime:5  | Paralysed by a formless jellyfish for 1 turns
 83285 | Slime:5  | Reached skill level 15 in Fighting
 84477 | Slime:5  | Reached skill level 10 in Summonings
 85038 | Slime:5  | Noticed the Royal Jelly
 85049 | Slime:5  | Killed the Royal Jelly
 85191 | Slime:5  | Got the Atlas of Scree and Flesh
 85209 | Slime:5  | Identified the +5 rapier "Poavas" {freeze, Stlth+}
 85230 | Slime:5  | Identified the staff "Oskie" {rC+ Will- Str+3 Conj}
 85244 | Slime:5  | Identified the amulet "Joos Keis" {Drain rPois rC+ Regen+
                  | rCorr}
 85280 | Slime:5  | Got a slimy rune of Zot
 85300 | Slime:5  | Identified the +4 falchion "Sumux" {freeze, rF+ Will+}
 86150 | Depths:1 | Entered Level 1 of the Depths
 86150 | Depths:1 | Found a one-way gateway to a ziggurat.
 86329 | Depths:1 | Reached skill level 1 in Invocations
 86473 | Depths:1 | Noticed Margery
 86589 | Depths:1 | Killed Margery
 86797 | Depths:1 | Found a sparkling altar of Nemelex Xobeh.
 87051 | Depths:1 | Found a gateway to Hell.
 87413 | Depths:1 | Gained mutation: You have sharp fingernails. [hidden
                  | potential]
 87606 | Depths:1 | Found a one-way gate to the infinite horrors of the Abyss.
 88056 | D:10     | Bought a manual of Shields for 960 gold pieces
 88231 | Depths:2 | Noticed Zugg's ghost (adept GnSu)
 88463 | Depths:2 | Found a runed translucent door.
 88497 | Depths:2 | Found Etwaqy's Assorted Antiques.
 88497 | Depths:2 | Noticed Louise
 88502 | Depths:2 | Killed Louise
 89185 | Depths:2 | Found a shimmering blue altar of Sif Muna.
 89341 | Depths:2 | Noticed Saint Roka
 89545 | Depths:2 | Killed Saint Roka
 90229 | Depths:2 | Found a one-way gate leading to the halls of Pandemonium.
 90264 | Depths:2 | Noticed a juggernaut
 90269 | Depths:2 | Killed a juggernaut
 90334 | Depths:2 | Reached XP level 23. HP: 103/127 MP: 17/44
 90506 | Depths:2 | Identified the +12 short sword of Faigeday {protect, *Rage
                  | +Blink rElec Dex+8}
 90506 | Depths:2 | Identified the +5 quarterstaff "Rucoj" {elec, rF+}
 90506 | Depths:2 | Identified the +5 glaive "Jemem" {antimagic, rF+ Dex+3}
 90721 | Depths:2 | Killed Zugg's ghost
 90745 | Depths:2 | Learned a level 5 spell: Freezing Cloud
 90851 | Depths:3 | Noticed Norris
 90999 | Depths:3 | Reached skill level 5 in Invocations
 91219 | Depths:3 | Killed Norris
 91397 | Depths:3 | Noticed Mennas
 91703 | Depths:3 | Killed Mennas
 91940 | Depths:3 | Found a radiant altar of Vehumet.
 92459 | Depths:4 | Entered Level 4 of the Depths
 92508 | Depths:4 | Reached skill level 15 in Stealth
 92898 | Depths:4 | Gained mutation: You have an increased reservoir of magic.
                  | (+10% MP) [hidden potential]
 92898 | Depths:4 | Lost mutation: You have hidden genetic potential. [hidden
                  | potential expressed]
 93083 | Depths:4 | Found a white marble altar of Elyvilon.
 93162 | Depths:4 | Found a gate to the Realm of Zot.
 93415 | Depths:4 | Found a gateway to a bazaar.
 94157 | Depths:4 | Noticed a caustic shrike
 94158 | Depths:4 | Noticed a caustic shrike
 94159 | Depths:4 | Noticed a caustic shrike
 94160 | Depths:4 | Noticed a caustic shrike
 94162 | Depths:4 | Noticed a caustic shrike
 94169 | Depths:4 | Killed a caustic shrike
 94175 | Depths:4 | Killed a caustic shrike
 94183 | Depths:4 | Killed a caustic shrike
 94184 | Depths:4 | Reached skill level 10 in Shields
 94184 | Depths:4 | Killed a caustic shrike
 94186 | Depths:4 | Killed a caustic shrike
 94320 | Depths:4 | Noticed a royal mummy
 94320 | Depths:4 | Noticed a juggernaut
 94341 | Depths:4 | Killed a juggernaut
 94523 | Depths:4 | Killed a royal mummy
 94858 | Zot:1    | Entered Level 1 of the Realm of Zot
 94904 | Zot:1    | Reached XP level 24. HP: 99/132 MP: 15/48
 95089 | Zot:1    | Found a corrupted altar of Lugonu.
 95432 | Zot:1    | Got Bayrenad's Handbook of Hail and Darkness
 95611 | Zot:1    | Reached skill level 10 in Invocations
 97588 | Zot:2    | Noticed an orb of fire
 97615 | Zot:2    | Killed an orb of fire
 97683 | Zot:2    | Found a corrupted altar of Lugonu.
 98709 | Zot:3    | Identified the +3 battleaxe "Ball" {flame, Drain Will+++
                  | Int+4}
 99052 | Zot:3    | Reached skill level 15 in Invocations
 99412 | Zot:3    | Found the +4 dragonskin cloak
 99412 | Zot:3    | Identified the ring "Xutaptywi" {Fire MP+9 Int+2}
 99412 | Zot:3    | Noticed Tiamat
 99427 | Zot:3    | Killed Tiamat
100199 | Zot:3    | Reached XP level 25. HP: 136/136 MP: 10/48
102265 | Zot:5    | Entered Level 5 of the Realm of Zot
104148 | Zot:5    | Noticed an orb of fire
104376 | Zot:5    | Noticed an orb of fire
104387 | Zot:5    | Killed an orb of fire
104394 | Zot:5    | Noticed a dread lich
104399 | Zot:5    | Killed a dread lich
104428 | Zot:5    | Noticed an orb of fire
104434 | Zot:5    | Killed an orb of fire
104439 | Zot:5    | Noticed an orb of fire
104451 | Zot:5    | Killed an orb of fire
104458 | Zot:5    | Killed an orb of fire
104495 | Zot:5    | Noticed an ancient lich
104505 | Zot:5    | Killed an ancient lich
104559 | Zot:5    | Noticed an ancient lich
104566 | Zot:5    | Killed an ancient lich
104694 | Zot:5    | Noticed an ancient lich
104699 | Zot:5    | Killed an ancient lich
104699 | Zot:5    | Noticed a Killer Klown
104700 | Zot:5    | Noticed a Killer Klown
104703 | Zot:5    | a Killer Klown changed into an iron troll
104716 | Zot:5    | Killed a Killer Klown
104877 | Zot:5    | Noticed a dread lich
105062 | Zot:5    | Killed a dread lich
105202 | Zot:5    | Noticed an orb of fire
105209 | Zot:5    | Killed an orb of fire
105832 | Zot:5    | Noticed an orb of fire
105852 | Zot:5    | Gained mutation: You are frail. (-10% HP) [an orb of fire]
105859 | Zot:5    | Killed an orb of fire
106402 | Zot:5    | Noticed a Killer Klown
106405 | Zot:5    | Killed a Killer Klown
106406 | Zot:5    | Reached XP level 26. HP: 119/129 MP: 4/50
106892 | Zot:5    | Noticed a dread lich
106902 | Zot:5    | Killed a dread lich
107169 | Zot:5    | Got the Orb of Zot
107475 | D:12     | Noticed Dyacobuoph the pandemonium lord
107475 | D:12     | Noticed an ancient lich
107915 | D:$      | Escaped with the Orb!

Illustrated notes

Levels and vault maps discovered:
D:1:      grunt_arrival_lava_bath, layout_basic,
          hellmonk_ecumenical_altar_run_dry, minmay_pentomino_o2
D:2:      layout_basic, minmay_misc_feat_tower, minmay_lizard_pond, uniq_natasha
D:3:      kennysheep_goblin_castle, layout_rooms,
          nicolae_wu_jian_immortal_techniques, serial_park_tiny_pond,
          kennysheep_cluttered_room
D:4:      layout_loops_corners, mainiacjoe_overflow_small_starburst,
          temple_statues, st_stairs_9
D:5:      layout_loops_ring
D:6:      layout_rooms, serial_rivers, chequers_serial_rivers_small_3,
          chequers_serial_rivers_small_b, chequers_serial_rivers_micro_d,
          chequers_serial_rivers_large_b, chequers_serial_rivers_large_a
D:7:      layout_cave_pools, enter_bailey_7, kennysheep_generic_room_13,
          uniq_joseph, uniq_jeremiah
D:8:      layout_basic, zin_statuary, serial_shops,
          nicolae_shop_advertising_works [nicolae_subvault_shop_adworks],
          hangedman_abyss_or_decor_clamps
D:9:      layout_stronghold, minmay_orc_entry_temple_small, dk_noncrumbling_3
D:10:     layout_grid_maze, nicolae_shop_self_help, uniq_psyche, uniq_nergalle,
          uniq_fannar
D:11:     layout_loops_ring, david_lair_shrubbed, serial_shops, shop,
          nicolae_shop_clearance
D:12:     layout_basic, gauntlet_entry_generic, nicolae_trove_entry_crossroad,
          drop_trap
D:13:     minmay_connected_boxes_in_corner, layout_loops_ring, serial_undead,
          serial_undead_a, serial_undead_d, serial_undead_a, serial_undead_e,
          nicolae_ashenzari_skybound
D:14:     layout_irregular_city, hellmonk_vaults_keyhole, serial_park_square1
          [serial_park_minivault_5x5_6], fountainhead
D:15:     hangedman_depths_entry_try_elsewhere_first, layout_small_grid,
          nicolae_twisting_strands, ebering_ghost_rock_garden,
          portal_ice_cave_entry_ice_statue_two, nicolae_water_bricks
Temple:   hellmonk_temple_of_storms
Lair:1:   layout_cave_shapes, special_room [special_room_bee],
          grunt_megastairs_5, lemuel_fruit_tree
Lair:2:   layout_long_grid, minmay_swamp_entry_reptiles,
          hellmonk_spider_entry_not_the_bees, uniq_harold
Lair:3:   layout_layer_cave, nzn_ghost_randoct, grunt_megastairs_1
Lair:4:   layout_long_grid, nicolae_slime_entry_field_trip, st_stairs_9
Lair:5:   grunt_lair_end_beastmaster, layout_gridlike
Swamp:1:  layout_basic_swamp, nicolae_swamp_feature_on_the_river_bank,
          swamp_pool_4, infiniplex_staircase_pool
Swamp:2:  layout_falls_marsh, evilmike_swamp_ruin_house_3, swamp_pool_4
Swamp:3:  layout_falls_marsh, basic_altar, swamp_pool_5,
          nicolae_swamp_decorative_isthmus, uniq_bai_suzhen
Swamp:4:  swamp_old_school, layout_basic_swamp, ebering_ghost_disaster_area,
          swamp_pool_1_2
Spider:1: layout_spider_delve, gammafunk_ghost_necromancy
Spider:2: cheibrodos_spider_deadly_dance, dreamdust_wasp_nest, uniq_mlioglotl,
          uniq_arachne
Spider:3: layout_spider_delve
Spider:4: grunt_spider_rune_parallel, drop_trap, nicolae_spider_swamp_cousins,
          uniq_donald
Slime:1:  cheibrodos_slime_lost_civilization_3, layout_caves
Slime:2:  layout_caves
Slime:3:  layout_caves, cheibrodos_slime_lost_civilization_5
Slime:4:  layout_caves
Slime:5:  slime_pit
Orc:1:    layout_caves, lightli_church_of_beogh, uniq_josephine
Orc:2:    st_orc_ogre_mass, layout_diamond_mine, minmay_orc_barracks
Elf:1:    eino_elf_arrival_shootout, layout_onion_city, serial_shops,
          nicolae_shop_stone, minmay_elf_demonology,
          nicolae_nh_oracle_at_delphi, uniq_roxanne
Elf:2:    nicolae_elf_blades_splatter_lattice
          [nicolae_blade_entry_splitting_headache], layout_loops_cross,
          minmay_shop_star
Elf:3:    minmay_elf_hall_quartered_circle, layout_loops_cross, serial_shops,
          shop, special_room [special_room_orc], uniq_nikola
Vaults:1: nicolae_vaults_weapon_check, ontoclasm_vaults_idyll, v_rooms_4,
          serial_ice_m, nicolae_vaults_apartment_2,
          nicolae_vaults_storage_closets_2, v_pattern_1, v_alt_pattern_1,
          nicolae_vaults_antechamber_and_loot_room, vaults_dpeg_ring,
          layout_vaults_chaotic_city
Vaults:2: nicolae_vaults_trapezoid_1, minmay_crypt_entry_vampire_xt,
          nicolae_vaults_offset_grid_hallway_3, nicolae_vaults_tetromino_L_1,
          v_misc_27, vaults_dpeg_emergency_exit, nicolae_vaults_tetromino_Z_2,
          layout_vaults_omnigrid, serial_shops, shop
Vaults:3: vaults_room_stairs_pillars, v_misc_23, kb_rosetta,
          nicolae_vaults_bisected_slash, v_misc_17,
          nicolae_vaults_heart-shaped_vault, nicolae_vaults_alarming,
          nicolae_vaults_double_plus_2, nicolae_vaults_offset_grid_hallway_4,
          v_alt_pattern_2, v_alt_pattern_1, ontoclasm_vaults_hangar,
          ontoclasm_vaults_bender, grunt_vaults_twisty, nicolae_vaults_house_2,
          layout_vaults_omnicross, serial_shops, shop_statue
Vaults:4: v_pattern_5, grunt_vaults_focal, v_misc_23, v_misc_10,
          nicolae_vaults_variable_pillar_hall_cross, grunt_vaults_hallway_short,
          nicolae_vaults_circle_grid_b, grunt_vaults_bifocal,
          nicolae_vaults_layer_cake_slice, grunt_vaults_funnel,
          ontoclasm_vaults_fault, nicolae_vaults_little_squares_4, v_misc_26,
          hangedman_vaults_nodes, v_misc_19, nicolae_vaults_theta,
          layout_vaults_maze
Depths:1: layout_honeycomb, enter_ziggurat_c, abyss_entry_small_statue_room,
          nemelex_diamond_rough_becter, grunt_metal_band, bh_walls_and_bars
Depths:2: minmay_rotating_shell, layout_cave_shapes, serial_shops, shop,
          hellmonk_ghost_happy_afterlife, pf_coc_iceberg,
          nicolae_abyss_entry_one_way_or_another, pan_entry,
          hellmonk_sif_muna_bookshelves, lightli_fourway_metalbox,
          uniq_saint_roka, uniq_josephina
Depths:3: kennysheep_bubbly, layout_cave_shapes, abyss_entry, hell_entry,
          vehumet_crystals, nicolae_keep_em_comin, uniq_norris, uniq_mennas
Depths:4: grunt_zot_entry_tricorne, layout_gridlike, serial_shops,
          bzr_entry_safe, grunt_hell_entry_dis_mu, elyvilon_altar_1,
          hex_intersection, minmay_librarian
Zot:1:    layout_cathedral_of_symmetry, amcnicky_altar_lugonu_corruption
Zot:2:    layout_cathedral_of_symmetry,
          regret_index_zotdec_abyssal_contain_seething_sorcery,
          regret_index_zotdec_misc_clamp
Zot:3:    layout_misc_corridors, st_grand_hoard_of_tiamat,
          regret_index_zotdec_banners, uniq_tiamat
Zot:4:    layout_onion_interference, hangedman_spider_trapstep
Zot:5:    layout_gridlike

Skill      XL: |  1  2  3  4  5  6  7  8  9 10 11 12 13 14 15 16 17 18 19 20 21 22 23 24 25 26 |
---------------+-------------------------------------------------------------------------------+-----
Conjurations   | 1 |  1.0
Spellcasting   | 3 4 5 6 7 8 9 10 11 12 13 15 16 17 18 | 18.0
Air Magic      | 3 4 5 7 9 10 11 13 14 15 17 18 19 | 19.0
Fighting       | 1 2 3 4 5 6 7 8 10 11 12 13 14 15 16 | 16.9
Fire Magic     | 1 4 8 10 | 10.0
Summonings     | 1 2 3 6 7 8 9 10 | 10.0
Evocations     | 2 4 5 6 8 10 11 12 14 15 16 18 | 18.0
Stealth        | 4 5 6 8 10 12 13 16 18 | 18.0
Dodging        | 4 5 6 8 10 12 14 16 17 18 19 | 19.0
Poison Magic   | 1 |  1.0
Translocations | 4 8 10 13 14 15 17 19 | 19.0
Shields        | 1 4 5 6 10 11 | 11.1
Short Blades   | 1 2 6 8 |  8.0
Transmutations | 3 |  3.0
Hexes          | 8 |  8.0
Invocations    | 4 9 16 19 | 19.1

Action                     |  1- 3 |  4- 6 |  7- 9 | 10-12 | 13-15 | 16-18 | 19-21 | 22-24 | 25-27 || total
---------------------------+-------+-------+-------+-------+-------+-------+-------+-------+-------++-------
  Melee: Short sword       |    13 |     1 |       |       |       |       |   100 |       |       ||   114
         Dagger            |       |     1 |    51 |   235 |   551 |   272 |    42 |     1 |       ||  1153
         Punch             |       |       |     1 |       |       |       |       |       |       ||     1
         Falchion          |       |       |       |       |       |     1 |    46 |       |       ||    47
         Spear             |       |       |       |       |       |       |     8 |    46 |     2 ||    56
   Fire: Sling             |       |       |       |    24 |       |       |       |       |       ||    24
  Throw: Dart              |       |    18 |    39 |    73 |    42 |    80 |    13 |     1 |     1 ||   267
   Cast: Shock             |    67 |    97 |    91 |   122 |   192 |   117 |       |       |       ||   686
         Foxfire           |    18 |    66 |    91 |    25 |    49 |       |       |       |       ||   249
         Call Imp          |       |     7 |    16 |     8 |     9 |     3 |     1 |       |       ||    44
         Airstrike         |       |       |    28 |   120 |   239 |   392 |   283 |   232 |    22 ||  1316
         Mephitic Cloud    |       |       |     1 |    31 |    53 |    28 |    20 |     1 |       ||   134
         Summon Forest     |       |       |       |     5 |    40 |    27 |     7 |       |       ||    79
         Passwall          |       |       |       |       |     8 |     8 |    14 |       |     3 ||    33
         Plasma Beam       |       |       |       |       |       |   141 |   293 |   275 |    96 ||   805
         Summon Lightning  |       |       |       |       |       |    79 |    34 |       |       ||   113
         Maxwell's Capacit |       |       |       |       |       |       |    22 |   152 |    63 ||   237
         Summon Mana Viper |       |       |       |       |       |       |    10 |    18 |    11 ||    39
         Arcjolt           |       |       |       |       |       |       |    20 |    38 |     1 ||    59
         Malign Gateway    |       |       |       |       |       |       |     6 |    16 |     6 ||    28
         Dispersal         |       |       |       |       |       |       |     1 |       |       ||     1
         Freezing Cloud    |       |       |       |       |       |       |       |    16 |     3 ||    19
 Invoke: Shadow Form       |       |       |       |       |       |       |       |       |     4 ||     4
  Evoke: Wand              |       |       |     6 |     7 |    20 |    49 |    15 |    35 |    10 ||   142
         Sack of spiders   |       |       |       |     2 |     1 |     2 |     1 |     1 |     1 ||     8
         Phial of floods   |       |       |       |     1 |       |     1 |     1 |       |       ||     3
         Phantom mirror    |       |       |       |       |     1 |     2 |       |     1 |       ||     4
         Lightning rod     |       |       |       |       |       |    10 |     8 |       |       ||    18
         Condenser vane    |       |       |       |       |       |       |     1 |       |       ||     1
    Use: Scroll            |     3 |     4 |     2 |    19 |    17 |     8 |    15 |     9 |     9 ||    86
         Potion            |       |     1 |       |     2 |     1 |     4 |    11 |     9 |     3 ||    31
   Stab: Sleeping          |     1 |     1 |     2 |     3 |    23 |    21 |    26 |     2 |       ||    79
         Paralysed         |       |       |     3 |     3 |     3 |     2 |       |    22 |       ||    33
         Confused          |       |       |       |    13 |    46 |    17 |    13 |     1 |       ||    90
         Distracted        |       |       |       |     2 |     7 |     4 |     3 |     1 |       ||    17
         Petrified         |       |       |       |       |     3 |       |       |       |       ||     3
 Armour: Robe              |     3 |     8 |    14 |    52 |   113 |   111 |   116 |   146 |    44 ||   607
  Dodge: Dodged            |    16 |     7 |    55 |   174 |   474 |   288 |   222 |   242 |    51 ||  1529
  Block: Buckler           |       |       |       |   126 |   351 |   280 |   181 |   122 |    41 ||  1101
         Reflection        |       |       |       |       |     5 |    10 |    40 |    31 |    17 ||   103

Table legend: (Time is in decaauts)
 A = Elapsed time spent in this place.
 B = Non-inter-level travel time spent in this place.
 C = Inter-level travel time spent in this place.
 D = Time resting spent in this place.
 E = Time spent auto-exploring this place.
 F = Levels seen in this place.
 G = Mean time per level.
                   A        B        C        D        E       F      G
               +--------+--------+--------+--------+--------+-----+--------+
         Total |  87995 |  82314 |   5681 |  39654 |  21777 |  56 | 1571.3 |
       Dungeon |  21950 |  19138 |   2812 |   7265 |   5518 |  15 | 1463.3 |
        Temple |     17 |     10 |      7 |      0 |      0 |   1 |   17.0 |
          Lair |   8444 |   7867 |    577 |   3002 |   2508 |   5 | 1688.8 |
         Swamp |   5568 |   5319 |    249 |   3339 |    926 |   4 | 1392.0 |
   Spider Nest |   7587 |   7402 |    185 |   4490 |   1122 |   4 | 1896.8 |
    Slime Pits |   5723 |   5474 |    249 |   3591 |    895 |   5 | 1144.6 |
  Orcish Mines |   3244 |   2894 |    350 |   1423 |    629 |   2 | 1622.0 |
   Elven Halls |   6874 |   6511 |    363 |   3511 |   1740 |   3 | 2291.3 |
        Vaults |   8596 |   8388 |    208 |   3510 |   3611 |   4 | 2149.0 |
        Depths |   6798 |   6515 |    283 |   2610 |   2414 |   4 | 1699.5 |
           Zot |   9615 |   9221 |    394 |   4827 |   2311 |   5 | 1923.0 |
         Trove |     50 |     50 |      0 |      0 |      0 |   1 |   50.0 |
        Bailey |   1399 |   1399 |      0 |    737 |     92 |   1 | 1399.0 |
      Ice Cave |   1643 |   1643 |      0 |   1239 |      6 |   1 | 1643.0 |
      Gauntlet |    483 |    483 |      0 |    105 |      0 |   1 |  483.0 |
               +--------+--------+--------+--------+--------+-----+--------+

Top non-repeatable levels by time:
   Elf:3: 3401 daAuts
   Zot:5: 3271 daAuts
Vaults:1: 2657 daAuts
Spider:4: 2591 daAuts
    D:13: 2493 daAuts
Vaults:4: 2422 daAuts
 Swamp:4: 2307 daAuts
   Orc:2: 2162 daAuts
Spider:2: 2151 daAuts
    D:10: 2001 daAuts
  Lair:2: 1958 daAuts
Depths:2: 1935 daAuts
Vaults:2: 1872 daAuts
  Lair:1: 1869 daAuts
   Elf:2: 1819 daAuts
